 Dungeon Crawl Stone Soup version 0.28.0 (webtiles) character file.

Game seed: 16530111837908357560

4923 crazypyro the Severer (level 10, -1/86 HPs)
             Began as a Hill Orc Berserker on Feb 10, 2022.
             Was a High Priest of Trog.
             Slain by Harold (10 damage)
             ... on level 8 of the Dungeon.
             The game lasted 00:10:39 (8832 turns).

crazypyro the Severer (Hill Orc Berserker)          Turns: 8832, Time: 00:10:40

Health: -1/86      AC: 24    Str: 25    XL:     10   Next: 52%
Magic:  10/10      EV:  8    Int:  7    God:    Trog [*****.]
Gold:   513        SH:  0    Dex: 10    Spells: 9/9 levels left

rFire   . . .      SeeInvis .   v - +0 war axe
rCold   + . .      Faith    +   (no shield)
rNeg    . . .      Spirit   .   z - +0 plate armour
rPois   +          Reflect  .   y - +0 helmet
rElec   .          Harm     .   h - +2 cloak
rCorr   .          Rampage  .   m - +2 pair of gloves
Will    ++...                   d - +2 pair of boots
Stlth   ..........              c - amulet of faith
HPRegen 1.24/turn               n - ring of protection from cold
MPRegen 0.12/turn               A - ring of poison resistance

@: strong-willed, regenerating
A: no striking features
a: Renounce Religion, Convert to Beogh, Berserk, Trog's Hand, Brothers in Arms


You were on level 8 of the Dungeon.
You worshipped Trog.
Trog was extremely pleased with you.
You visited 1 branch of the dungeon, and saw 8 of its levels.

You collected 513 gold pieces.

Inventory:

Hand Weapons
 a - a +1 hand axe
 l - a +0 flail
 v - a +0 war axe (weapon)
 D - the +7 long sword "Nen Afoss" {vorpal, rPois rF++ MP-9 SInv}
   (You found it on level 7 of the Dungeon)

   It inflicts extra damage upon your enemies.
   rF:        It greatly protects you from fire.
   rPois:     It protects you from poison.
   MP:        It affects your magic capacity (-9).
   SInv:      It lets you see invisible.
Armour
 d - a +2 pair of boots (worn)
 h - a +2 cloak (worn)
 m - a +2 pair of gloves (worn)
 s - a +0 chain mail
 y - a +0 helmet (worn)
 z - a +0 plate armour (worn)
Jewellery
 c - an amulet of faith (around neck)
 n - a ring of protection from cold (left hand)
 u - an amulet of magic regeneration
 A - a ring of poison resistance (right hand)
 B - a +6 ring of intelligence
 F - a ring of fire
 G - a +4 ring of evasion
Wands
 q - a wand of polymorph (14)
Scrolls
 e - 3 scrolls of teleportation
 j - 2 scrolls of fear
 t - 2 scrolls of identify
 w - a scroll of enchant armour
 x - a scroll of fog
 E - 3 scrolls of enchant weapon
Potions
 b - a potion of mutation {unknown}
 f - 2 potions of ambrosia
 g - 2 potions of attraction {unknown}
 i - 3 potions of lignification {unknown}
 k - 2 potions of might {unknown}
 o - a potion of brilliance
 p - 4 potions of curing {unknown}
 r - a potion of berserk rage {unknown}
 C - 2 potions of heal wounds {unknown}
 H - a potion of flight {unknown}


   Skills:
 + Level 7.5 Fighting
 * Level 15.0 Axes
 + Level 6.9 Armour
 - Level 5.2 Dodging


You had 9 spell levels left.
You didn't know any spells.
Your spell library was empty.

Dungeon Overview and Level Annotations

Branches:
Dungeon (8/15)             Temple (0/1) D:7
   Lair: D:8-11

Altars:
The Shining One

Annotations:
D:8 Harold


Message History

You kill the orc!
Trog accepts your kill.
An orc comes into view. It is wielding a +0 flail.
Harold throws a throwing net.
The throwing net hits you.
You become entangled in the net!
You tear a large gash into the net.
Harold hits you from afar with a +0 trident.
You shred the net and break free! Harold hits you but does no damage.
Harold hits you with a +0 trident.
Things that are here:
a +0 short sword; a boomerang; an orc corpse You hit Harold but do no damage.
The orc priest calls down the wrath of Beogh upon you.
Beogh smites you! Harold hits you with a +0 trident!
The orc priest mumbles some strange prayers to Beogh against you.
Beogh smites you!
* * * LOW HITPOINT WARNING * * *
Your skin crawls.
You feel strong-willed. Harold hits you with a +0 trident!
* * * LOW HITPOINT WARNING * * *
Harold hits you from afar with a +0 trident.
* * * LOW HITPOINT WARNING * * *
Harold points at you and mumbles some strange words.
You barely resist.
The orc priest begins to cast a cantrip, but forgets the words!
Harold throws a throwing net.
The throwing net hits you.
You become entangled in the net!
The orc priest casts a cantrip, but nothing happens.
You see here a throwing net.
You tear a large gash into the net.
Harold says, "My wife will appreciate not having to wash blood out of my clothes anymore."
You struggle against the net.
Harold gestures at you while chanting.
You barely resist.
The orc priest threatens, "By the altar or by the axe, you will meet Beogh!"
You struggle against the net.
You rip the net and break free!
Harold hits you from afar with a +0 trident!
You die...

.# #.##.##.##
.# #..).#...#
.# #######.###
.# #.......# .
# # #.#######
##.# #. #.#
....# #.. #.#
.....
#...#########.#
.....
#..ooo@.@.....#
.....
#..o###########
..... #.. .....
#. ..... #
..... .....
..... ....


You could see Harold, 2 orc priests and 2 orcs.

Vanquished Creatures
  A two-headed ogre (D:8)
  Psyche (D:8)
  5 yaks (D:8)
  2 wraiths
  2 steam dragons (D:7)
  2 water moccasins
  A hornet zombie (D:5)
  2 sky beasts (D:7)
  2 ogres
  2 orc warriors (D:8)
  2 centaurs
  A phantom (D:7)
  A kobold brigand (D:7)
  2 bullfrogs (D:6)
  A wyvern zombie (D:6)
  A water moccasin zombie (D:6)
  2 wyvern skeletons
  3 water moccasin skeletons
  4 howler monkeys (D:8)
  A jelly (D:7)
  3 centaur zombies (D:6)
  6 bullfrog zombies
  4 orc priests
  4 hounds
  2 bullfrog skeletons
  A gnoll shaman (D:4)
  A centaur skeleton (D:6)
  3 orc wizards (D:8)
  2 howler monkey zombies (D:6)
  12 gnolls
  A howler monkey skeleton (D:7)
  5 adders
  A shadow imp (D:6)
  A white imp (D:6)
  An adder zombie (D:5)
  A worm (D:4)
  5 dart slugs
  19 orcs
  5 bats
  5 endoplasms
  3 giant cockroaches
  2 goblins
  6 hobgoblins
  4 jackals (D:4)
  3 quokkas (D:1)
  3 ball pythons
  5 frilled lizards
  19 kobolds
  5 rats
170 creatures vanquished.

Vanquished Creatures (others)
  A sky beast (D:7)
  An orc priest (D:8)
  4 withered plants (D:6)
6 creatures vanquished.

Grand Total: 176 creatures vanquished

Notes
Turn   | Place    | Note
-------+----------+-------------------------------------------
     0 | D:1      | crazypyro the Hill Orc Berserker began the quest for the
                  | Orb.
     0 | D:1      | Reached XP level 1. HP: 19/19 MP: 1/1
   182 | D:1      | Reached XP level 2. HP: 10/27 MP: 2/2
   668 | D:1      | Reached XP level 3. HP: 19/33 MP: 3/3
   962 | D:1      | Reached ** piety under Trog
  1622 | D:1      | Reached XP level 4. HP: 5/40 MP: 4/4
  1899 | D:2      | Reached skill level 5 in Axes
  2283 | D:2      | Found a faded altar of an unknown god.
  2957 | D:3      | Reached XP level 5. HP: 44/46 MP: 5/5
  3090 | D:3      | Reached skill level 6 in Axes
  3790 | D:4      | Reached *** piety under Trog
  3830 | D:4      | Reached XP level 6. HP: 45/52 MP: 6/6
  3874 | D:5      | Entered Level 5 of the Dungeon
  3987 | D:5      | Found a glowing golden altar of the Shining One.
  4148 | D:5      | Reached skill level 7 in Axes
  4563 | D:4      | Reached XP level 7. HP: 54/59 MP: 7/7
  4787 | D:4      | Reached skill level 8 in Axes
  5396 | D:5      | Reached skill level 9 in Axes
  5475 | D:5      | Reached **** piety under Trog
  5476 | D:5      | Reached XP level 8. HP: 28/66 MP: 8/8
  6275 | D:6      | Reached skill level 10 in Axes
  6339 | D:6      | Reached skill level 11 in Axes
  6406 | D:6      | Reached skill level 5 in Dodging
  6641 | D:6      | Reached XP level 9. HP: 71/71 MP: 9/9
  6707 | D:6      | Reached skill level 12 in Axes
  6825 | D:7      | Found a staircase to the Ecumenical Temple.
  7019 | D:7      | Reached skill level 5 in Fighting
  7212 | D:7      | Reached skill level 5 in Armour
  7216 | D:7      | Reached skill level 13 in Axes
  7453 | D:7      | Identified the +7 long sword "Nen Afoss" {vorpal, rPois
                  | rF++ MP-9 SInv}
  7789 | D:8      | Reached ***** piety under Trog
  7884 | D:8      | Noticed Psyche
  8095 | D:8      | Killed Psyche
  8096 | D:8      | Reached skill level 14 in Axes
  8096 | D:8      | Reached XP level 10. HP: 61/84 MP: 1/10
  8693 | D:8      | Noticed a two-headed ogre
  8702 | D:8      | Killed a two-headed ogre
  8703 | D:8      | Reached skill level 15 in Axes
  8815 | D:8      | Noticed Harold
  8825 | D:8      | HP: 4/86 [Harold (17)]
  8832 | D:8      | Slain by Harold

Illustrated notes

Levels and vault maps discovered:
D:1:      dpeg_arrival_line_fractal, layout_loops_ring, kennysheep_flooded_box
D:2:      kennysheep_big_flooded_room, layout_loops_ring,
          shapermc_ecumenical_altar_mp_highgroup, minmay_pentomino_u4
D:3:      minmay_chambers_of_threes, layout_rooms
D:4:      layout_loops_cross, minmay_misc_feat_ornament
D:5:      layout_basic, mainiacjoe_overflow_small_starburst
D:6:      layout_rooms, serial_undead, serial_undead_e, serial_undead_b,
          serial_undead_e, serial_undead_c, serial_undead_a, serial_undead_a,
          serial_undead_f, serial_undead_d
D:7:      layout_basic, minmay_temple_entry_arrows, hangedman_misty_isle
D:8:      layout_basic, uniq_maggie, uniq_joseph, uniq_psyche, uniq_harold

Skill      XL: |  1  2  3  4  5  6  7  8  9 10 |
---------------+-------------------------------+-----
Fighting       | 4 6 7 |  7.5
Dodging        | 2 3 4 5 |  5.2
Armour         | 3 6 |  6.9
Axes           | 5 6 7 9 11 14 15 | 15.0

Action                   |  1- 3 |  4- 6 |  7- 9 | 10-12 || total
-------------------------+-------+-------+-------+-------++-------
Melee: Hand axe          |   106 |   210 |   115 |       ||   431
       Punch             |     1 |     2 |     4 |     1 ||     8
       War axe           |       |       |   213 |    72 ||   285
       Long sword        |       |       |    31 |       ||    31
Invok: Berserk           |       |     2 |       |       ||     2
       Trog's Hand       |       |     2 |       |     1 ||     3
  Use: Scroll            |       |    11 |     1 |       ||    12
 Stab: Sleeping          |       |     1 |       |       ||     1
Armor: Animal skin       |    24 |    44 |       |       ||    68
       Chain mail        |       |    55 |   133 |       ||   188
       Plate armour      |       |       |   148 |    35 ||   183
Dodge: Dodged            |    64 |   117 |   129 |    22 ||   332
